[Event "80th ARM-ch 2020"]
[Site "Yerevan"]
[Date "2020.01.12"]
[Round "1.1"]
[White "Mikaelyan, Arman"]
[Black "Sargsyan, Shant"]
[Result "1/2-1/2"]
[ECO "B24"]
[WhiteElo "2476"]
[BlackElo "2601"]
[Annotator "ChessBase"]
[PlyCount "91"]
[EventDate "2020.01.12"]
[EventType "tourn"]
[EventCountry "ARM"]
[SourceTitle "playchess.com"]
[Source "ChessBase"]
[SourceQuality "1"]
[TimeControl "40/5400+30:1800+30"]

1. e4 c5 2. Nc3 Nc6 3. Bb5 Nd4 4. Nf3 a6 5. Bd3 g6 6. b4 cxb4 7. Nd5 Nxf3+ 8. Qxf3 Bg7 9. Rb1 Nf6 10. Nxf6+ Bxf6 11. Rxb4 Qa5 12. a3 O-O 13. O-O d6 14. Bc4 Qc5 15. Bd5 a5 16. Rc4 Qb6 17. d3 Bg7 18. Be3 Qd8 19. e5 e6 20. Bxb7 Bxb7 21. Qxb7 d5 22. Rc6 Bxe5 23. d4 Bg7 24. c3 Rb8 25. Qa6 Rb3 26. a4 Qa8 27. Qxa8 Rxa8 28. Ra1 h5 29. g3 Rb2 30. Kg2 Bf8 31. Bf4 Be7 32. h4 Kf8 33. c4 dxc4 34. Rc1 Rb4 35. R1xc4 Ke8 36. Bd2 Rxc4 37. Rxc4 Kd7 38. Kf3 Bd8 39. Ke4 Ra6 40. Rc5 Bb6 41. Rb5 f6 42. Be3 Bc7 43. Bf4 f5+ 44. Ke3 Rb6 45. Rxb6 Bxb6 46. Kd3 1/2-1/2

[Event "80th ARM-ch 2020"]
[Site "Yerevan"]
[Date "2020.01.12"]
[Round "1.2"]
[White "Martirosyan, Haik M."]
[Black "Gabuzyan, Hovhannes"]
[Result "1-0"]
[ECO "A67"]
[WhiteElo "2613"]
[BlackElo "2585"]
[Annotator "ChessBase"]
[PlyCount "81"]
[EventDate "2020.01.12"]
[EventType "tourn"]
[EventCountry "ARM"]
[SourceTitle "playchess.com"]
[Source "ChessBase"]
[SourceQuality "1"]
[TimeControl "40/5400+30:1800+30"]

1. d4 Nf6 2. c4 c5 3. d5 e6 4. Nc3 exd5 5. cxd5 d6 6. e4 g6 7. f4 Bg7 8. Bb5+ Nfd7 9. Bd3 Qh4+ 10. g3 Qe7 11. Nf3 Nb6 12. Kf2 O-O 13. h3 Na6 14. g4 c4 15. Bc2 Nc5 16. Re1 h5 17. gxh5 Bxh3 18. h6 Bxc3 19. bxc3 Bg4 20. Qd4 f6 21. Rg1 Bh5 22. f5 Bxf3 23. Kxf3 g5 24. Bxg5 Kh8 25. Bf4 Nbd7 26. Rg7 Rf7 27. Rag1 Ne5+ 28. Bxe5 fxe5 29. Qf2 Nd7 30. R1g6 Nf6 31. Qh4 Raf8 32. Qg5 b5 33. Kg2 a5 34. a3 b4 35. cxb4 axb4 36. axb4 c3 37. b5 Qd8 38. b6 Qxb6 39. Rxf6 Qb5 40. Rfxf7 Qe2+ 41. Kh3 1-0

[Event "80th ARM-ch 2020"]
[Site "Yerevan"]
[Date "2020.01.12"]
[Round "1.3"]
[White "Pashikian, Arman"]
[Black "Hakobyan, Aram"]
[Result "1-0"]
[ECO "D38"]
[WhiteElo "2605"]
[BlackElo "2582"]
[Annotator "ChessBase"]
[PlyCount "73"]
[EventDate "2020.01.12"]
[EventType "tourn"]
[EventCountry "ARM"]
[SourceTitle "playchess.com"]
[Source "ChessBase"]
[SourceQuality "1"]
[TimeControl "40/5400+30:1800+30"]

1. d4 Nf6 2. c4 e6 3. Nf3 d5 4. Nc3 Bb4 5. cxd5 exd5 6. Bg5 h6 7. Bh4 O-O 8. e3 Bf5 9. Be2 Nbd7 10. Qb3 Qe7 11. a3 Bxc3+ 12. bxc3 b5 13. Bxf6 Nxf6 14. O-O Rab8 15. Ne5 Qd6 16. a4 b4 17. cxb4 Rxb4 18. Qa3 Rfb8 19. Bb5 Ng4 20. f4 a6 21. Nc6 axb5 22. Nxb8 Rxa4 23. Qxd6 cxd6 24. Nc6 Kh7 25. Rxa4 bxa4 26. Re1 Bc2 27. Rc1 Bb3 28. Rc3 Nf6 29. Na5 Ne4 30. Rc7 Ba2 31. Rxf7 Nd2 32. Ra7 a3 33. Nc6 Nb1 34. f5 Kg8 35. Ne7+ Kf8 36. Ng6+ Ke8 37. Rxg7 1-0

[Event "80th ARM-ch 2020"]
[Site "Yerevan"]
[Date "2020.01.12"]
[Round "1.4"]
[White "Ter-Sahakyan, Samvel"]
[Black "Andriasian, Zaven"]
[Result "1-0"]
[ECO "B90"]
[WhiteElo "2617"]
[BlackElo "2611"]
[Annotator "ChessBase"]
[PlyCount "99"]
[EventDate "2020.01.12"]
[EventType "tourn"]
[EventCountry "ARM"]
[SourceTitle "playchess.com"]
[Source "ChessBase"]
[SourceQuality "1"]
[TimeControl "40/5400+30:1800+30"]

1. e4 c5 2. Nf3 d6 3. d4 cxd4 4. Nxd4 Nf6 5. Nc3 a6 6. Be3 Ng4 7. Bc1 Nf6 8. f3 e5 9. Nb3 Be6 10. Be3 h5 11. Qd2 Nbd7 12. O-O-O Rc8 13. Kb1 Qc7 14. g3 b5 15. Nd5 Bxd5 16. exd5 Nb6 17. Bxb6 Qxb6 18. Bh3 Rc4 19. Na5 Rc5 20. b4 Rc7 21. Rhe1 g6 22. f4 Bh6 23. Qd4 Qxd4 24. Rxd4 e4 25. c4 O-O 26. c5 Rd8 27. c6 Re8 28. Nb7 Bf8 29. Re2 Rb8 30. Bg2 Rbxb7 31. cxb7 Rxb7 32. Bxe4 Bg7 33. Bf3 Nd7 34. Rde4 Bf6 35. Re8+ Kg7 36. Ra8 Nb6 37. Rxa6 Na4 38. Re3 Nb6 39. Re2 Na4 40. Kc2 Nb6 41. Kd1 Na4 42. Re8 Rc7 43. Rc6 Ra7 44. Kc2 Nb2 45. Be2 Rxa2 46. Kb3 Ra1 47. Rxd6 Na4 48. Bxb5 Nc3 49. Rxf6 Nxb5 50. Rc6 1-0

[Event "80th ARM-ch 2020"]
[Site "Yerevan"]
[Date "2020.01.12"]
[Round "1.5"]
[White "Hovhannisyan, Robert"]
[Black "Gharibyan, Mamikon"]
[Result "1/2-1/2"]
[ECO "C88"]
[WhiteElo "2641"]
[BlackElo "2381"]
[Annotator "ChessBase"]
[PlyCount "165"]
[EventDate "2020.01.12"]
[EventType "tourn"]
[EventCountry "ARM"]
[SourceTitle "playchess.com"]
[Source "ChessBase"]
[SourceQuality "1"]
[TimeControl "40/5400+30:1800+30"]

1. e4 e5 2. Nf3 Nc6 3. Bb5 a6 4. Ba4 Nf6 5. O-O Be7 6. Re1 b5 7. Bb3 d6 8. a4 Bd7 9. c3 O-O 10. d4 h6 11. Nbd2 Re8 12. Nf1 Bf8 13. Ng3 Na5 14. Bc2 c5 15. h3 Qc7 16. dxe5 dxe5 17. Nh2 g6 18. Qf3 Qb6 19. Rd1 Qe6 20. Ngf1 Bc6 21. Ne3 Bg7 22. Nhg4 Nxg4 23. hxg4 Nb3 24. Bxb3 Qxb3 25. Rd6 Re6 26. Rxc6 Rxc6 27. Ra3 Qe6 28. axb5 Rcc8 29. b6 Qxb6 30. Nd5 Qe6 31. c4 Rab8 32. Qh3 g5 33. Qf3 Rb7 34. Qd1 Rb4 35. Rc3 a5 36. b3 Rb7 37. Rd3 Rcb8 38. Kh2 Qa6 39. Ne3 Qc6 40. Nf5 Bf8 41. f3 f6 42. Be3 Ra8 43. Rd8 Rxd8 44. Qxd8 Kf7 45. Qa8 Qc7 46. Bf2 Qb6 47. Be1 Qa7 48. Qd8 Rd7 49. Qxa5 Qxa5 50. Bxa5 Rd3 51. Kg1 Rxb3 52. Kf1 Ra3 53. Bd2 Ra4 54. Ne3 Be7 55. Ke2 Bd8 56. Nf5 Kg6 57. Kd3 Ra3+ 58. Kc2 Ra2+ 59. Kd3 Ba5 60. Be3 Rxg2 61. Bxc5 Rd2+ 62. Ke3 Rc2 63. Ne7+ Kg7 64. Nf5+ Kh7 65. Be7 Kg6 66. c5 Bb4 67. c6 Ba5 68. Bd6 Bd8 69. c7 Bxc7 70. Kd3 Rf2 71. Bxc7 Rxf3+ 72. Ne3 h5 73. gxh5+ Kxh5 74. Ke2 Rf4 75. Nd5 Rxe4+ 76. Kf3 Rc4 77. Nxf6+ Kg6 78. Bxe5 Kf5 79. Bb2 Rb4 80. Bc3 Rb3 81. Ne4 g4+ 82. Ke3 Rxc3+ 83. Nxc3 1/2-1/2

[Event "80th ARM-ch 2020"]
[Site "Yerevan"]
[Date "2020.01.18"]
[Round "7.2"]
[White "Sargsyan, Shant"]
[Black "Pashikian, Arman"]
[Result "1/2-1/2"]
[ECO "D35"]
[WhiteElo "2601"]
[BlackElo "2605"]
[Annotator "ChessBase"]
[PlyCount "119"]
[EventDate "2020.01.12"]
[EventType "tourn"]
[EventCountry "ARM"]
[SourceTitle "playchess.com"]
[Source "ChessBase"]
[SourceQuality "1"]
[TimeControl "40/5400+30:1800+30"]

1. d4 Nf6 2. c4 e6 3. Nc3 d5 4. cxd5 exd5 5. Bg5 c6 6. e3 Be7 7. Qc2 Nbd7 8. Nf3 Nh5 9. Bxe7 Qxe7 10. O-O-O Nb6 11. h3 g6 12. Bd3 Be6 13. Kb1 O-O-O 14. Nd2 Ng7 15. Ka1 Bf5 16. Rb1 Qg5 17. Rhg1 Bxd3 18. Qxd3 Qf5 19. Qe2 Ne6 20. Rgc1 Rhe8 21. Qf1 Kb8 22. b4 Rc8 23. a4 a6 24. Rb2 Rc7 25. Rcb1 Ree7 26. Ra2 Qf6 27. Nb3 Nc4 28. b5 axb5 29. axb5 b6 30. bxc6 Ra7 31. Nc1 Nxd4 32. exd4 Qxd4 33. Qd3 Rxa2+ 34. Kxa2 Ra7+ 35. Kb3 Ra3+ 36. Kc2 Qxf2+ 37. N1e2 Ne3+ 38. Kc1 Nc4 39. Kc2 Ne3+ 40. Kc1 Nc4 41. Rb4 Qc5 42. Rxc4 Qxc4 43. Qxc4 dxc4 44. Nb5 Re3 45. Ned4 Re5 46. Kc2 f5 47. g3 g5 48. c7+ Kc8 49. Nxf5 Rxb5 50. Nd6+ Kxc7 51. Nxb5+ Kc6 52. Nc3 h6 53. Ne4 Kd5 54. Nf6+ Ke6 55. Ng4 h5 56. Ne3 b5 57. g4 hxg4 58. Nxg4 Kf5 59. Kc3 Kf4 60. Nf6 1/2-1/2

[Event "80th ARM-ch 2020"]
[Site "Yerevan"]
[Date "2020.01.18"]
[Round "7.3"]
[White "Hovhannisyan, Robert"]
[Black "Ter-Sahakyan, Samvel"]
[Result "0-1"]
[ECO "B04"]
[WhiteElo "2641"]
[BlackElo "2617"]
[Annotator "ChessBase"]
[PlyCount "126"]
[EventDate "2020.01.12"]
[EventType "tourn"]
[EventCountry "ARM"]
[SourceTitle "playchess.com"]
[Source "ChessBase"]
[SourceQuality "1"]
[TimeControl "40/5400+30:1800+30"]

1. e4 Nf6 2. e5 Nd5 3. d4 d6 4. Nf3 g6 5. Bc4 Nb6 6. Bb3 Bg7 7. O-O O-O 8. exd6 cxd6 9. c3 Qc7 10. a4 Nc6 11. Na3 a6 12. d5 Na5 13. Re1 Nxb3 14. Qxb3 e6 15. dxe6 Bxe6 16. Qb4 Bd5 17. Be3 Nd7 18. Ng5 h6 19. Nh3 Rfe8 20. Nf4 Bc6 21. Nc4 d5 22. Nd2 a5 23. Qb3 Nc5 24. Qc2 b6 25. Ne2 Bd7 26. Nd4 Re7 27. N2f3 Rae8 28. h3 Re4 29. Nb5 Qb8 30. Bd4 Bf5 31. Qd1 Nd3 32. Rxe4 dxe4 33. Ne1 Nxb2 34. Qd2 Nc4 35. Qe2 Ne5 36. Rd1 Be6 37. Qxe4 Bb3 38. Rb1 Bxa4 39. Bxe5 Bxb5 40. Bxb8 Rxe4 41. Rxb5 Rxe1+ 42. Kh2 Bxc3 43. Rxb6 Re6 44. Rb3 Bd4 45. Bf4 Ra6 46. Rd3 Bb2 47. Rb3 Bg7 48. Rb8+ Kh7 49. Rb7 g5 50. Bc1 Kg6 51. Ba3 Bd4 52. f3 Be5+ 53. Kg1 Bg3 54. Kf1 h5 55. Ke2 h4 56. Rd7 f6 57. Kd3 Kf5 58. Rd5+ Be5 59. Rc5 Kf4 60. Ke2 Kg3 61. Kf1 Rb6 62. Rc1 Rb3 63. Ra1 Bxa1 0-1

[Event "80th ARM-ch 2020"]
[Site "Yerevan"]
[Date "2020.01.18"]
[Round "7.4"]
[White "Gharibyan, Mamikon"]
[Black "Martirosyan, Haik M."]
[Result "1/2-1/2"]
[ECO "D45"]
[WhiteElo "2381"]
[BlackElo "2613"]
[Annotator "ChessBase"]
[PlyCount "93"]
[EventDate "2020.01.12"]
[EventType "tourn"]
[EventCountry "ARM"]
[SourceTitle "playchess.com"]
[Source "ChessBase"]
[SourceQuality "1"]
[TimeControl "40/5400+30:1800+30"]

1. Nf3 Nf6 2. c4 e6 3. d4 d5 4. Nc3 c6 5. e3 a6 6. Qc2 Nbd7 7. b3 Bb4 8. a3 Ba5 9. Bb2 O-O 10. Bd3 dxc4 11. bxc4 c5 12. O-O Bc7 13. Rad1 Qe7 14. Rfe1 Rb8 15. d5 e5 16. d6 Bxd6 17. Nd5 Nxd5 18. Bxh7+ Kh8 19. Rxd5 Bc7 20. Bf5 Nf6 21. Rdd1 Re8 22. a4 Kg8 23. h3 Bxf5 24. Qxf5 g6 25. Qc2 e4 26. Nd2 Be5 27. Nb1 Rbd8 28. Qb3 Bxb2 29. Qxb2 Qe6 30. Qxb7 Rb8 31. Qc7 Qxc4 32. Rc1 Qxa4 33. Qxc5 Qa2 34. Nc3 Qe6 35. Red1 Rec8 36. Qa5 Kg7 37. Ne2 Rxc1 38. Rxc1 Rb2 39. Nd4 Qa2 40. Qg5 Qd5 41. Qf4 Nd7 42. Qc7 Qb7 43. Qd8 Rb1 44. Nf5+ gxf5 45. Qg5+ Kh7 46. Qh5+ Kg7 47. Qg5+ 1/2-1/2

[Event "80th ARM-ch 2020"]
[Site "Yerevan"]
[Date "2020.01.18"]
[Round "7.5"]
[White "Andriasian, Zaven"]
[Black "Gabuzyan, Hovhannes"]
[Result "1-0"]
[ECO "B90"]
[WhiteElo "2611"]
[BlackElo "2585"]
[Annotator "ChessBase"]
[PlyCount "95"]
[EventDate "2020.01.12"]
[EventType "tourn"]
[EventCountry "ARM"]
[SourceTitle "playchess.com"]
[Source "ChessBase"]
[SourceQuality "1"]
[TimeControl "40/5400+30:1800+30"]

1. e4 c5 2. Nf3 d6 3. d4 cxd4 4. Nxd4 Nf6 5. Nc3 a6 6. h3 e5 7. Nb3 Be7 8. g4 h6 9. Be3 Be6 10. Qf3 Nbd7 11. O-O-O Rc8 12. Nd5 Nf8 13. Kb1 Ng6 14. Rg1 Nh7 15. Be2 O-O 16. Rd2 Bg5 17. Rgd1 Re8 18. c3 Bxd5 19. exd5 Bf4 20. Bf1 Qh4 21. a3 Ng5 22. Qg2 h5 23. Rc2 Re7 24. Bb6 hxg4 25. hxg4 Bh2 26. Be2 Nf4 27. Qf1 Ne4 28. c4 Qh7 29. Bd3 Nxd3 30. Qxd3 Bf4 31. f3 Nc5 32. Nxc5 dxc5 33. Qxh7+ Kxh7 34. b4 cxb4 35. axb4 Rd7 36. Kb2 Bg5 37. Kb3 Bd8 38. Rh2+ Kg6 39. Rh8 Kg5 40. Be3+ Kf6 41. c5 Rcc7 42. Re8 b6 43. d6 Rc8 44. Kc4 a5 45. Kd5 bxc5 46. bxc5 Rb7 47. Rxe5 Kg6 48. Re8 1-0

[Event "80th ARM-ch 2020"]
[Site "Yerevan"]
[Date "2020.01.19"]
[Round "8.1"]
[White "Pashikian, Arman"]
[Black "Andriasian, Zaven"]
[Result "1/2-1/2"]
[ECO "D14"]
[WhiteElo "2605"]
[BlackElo "2611"]
[Annotator "ChessBase"]
[PlyCount "21"]
[EventDate "2020.01.12"]
[EventType "tourn"]
[EventCountry "ARM"]
[SourceTitle "playchess.com"]
[Source "ChessBase"]
[SourceQuality "1"]
[TimeControl "40/5400+30:1800+30"]

1. d4 d5 2. c4 c6 3. Nc3 Nf6 4. cxd5 cxd5 5. Bf4 Nc6 6. Nf3 Bf5 7. e3 e6 8. Bd3 Bxd3 9. Qxd3 Bd6 10. Bxd6 Qxd6 11. O-O 1/2-1/2

[Event "80th ARM-ch 2020"]
[Site "Yerevan"]
[Date "2020.01.19"]
[Round "8.2"]
[White "Martirosyan, Haik M."]
[Black "Sargsyan, Shant"]
[Result "1-0"]
[ECO "C50"]
[WhiteElo "2613"]
[BlackElo "2601"]
[Annotator "ChessBase"]
[PlyCount "75"]
[EventDate "2020.01.12"]
[EventType "tourn"]
[EventCountry "ARM"]
[SourceTitle "playchess.com"]
[Source "ChessBase"]
[SourceQuality "1"]
[TimeControl "40/5400+30:1800+30"]

1. e4 e5 2. Nf3 Nc6 3. Bc4 Bc5 4. d3 Nf6 5. Bg5 h6 6. Bh4 Be7 7. Bg3 d6 8. a3 O-O 9. h3 Re8 10. O-O Bf8 11. Re1 g6 12. Nc3 Bg7 13. Bh2 Be6 14. Bxe6 Rxe6 15. Nd5 Re8 16. c4 Nxd5 17. cxd5 Ne7 18. b4 Qd7 19. Rb1 b5 20. d4 exd4 21. Qd3 a6 22. Nxd4 Rac8 23. Nf3 Rcd8 24. Rbd1 c6 25. dxc6 Qxc6 26. e5 d5 27. Rc1 Qe6 28. Nd4 Qb6 29. Rc5 Nf5 30. Nxf5 gxf5 31. Qxf5 d4 32. Rd1 Re6 33. Bg3 Rc6 34. Bh4 Re8 35. Qd7 Rce6 36. Rc7 Rf8 37. f4 Kh7 38. Be7 1-0